[Event "Titled Tuesday Blitz January 11 2022"]
[White "Bacrot, Etienne"]
[Black "Babazada, Khazar"]
[WhiteFideId "605506"]
[BlackFideId "13413554"]
[WhiteElo "2673"]
[BlackElo "2418"]
[Result "0-1"]
[Round "08"]
[TimeControl "180+1"]
[Date "2022.01.11"]
[WhiteClock "0:00:01"]
[BlackClock "0:00:14"]

1. d4 Nf6 2. Nf3 g6 3. e3 Bg7 4. Be2 O-O 5. b3 b6 6. Bb2 Bb7 7. O-O d6 8. c4 Nbd7 9. Nc3 Re8 10. a4 e5 11. a5 Rb8 12. a6 Ba8 13. Nb5 e4 14. Nd2 c6 15. Nxd6 Re6 16. c5 bxc5 17. N2c4 Nd5 18. Qd2 Rxb3 19. Qc2 Qb8 20. Nxe4 cxd4 21. Bxd4 Bxd4 22. exd4 Nf4 23. Rfe1 c5 24. Bf3 cxd4 25. Rab1 Rxb1 26. Rxb1 Qc7 27. Ng5 d3 28. Qd2 Bxf3 29. Nxe6 Nxe6 30. Qxd3 Bc6 31. Qd6 Qxd6 32. Nxd6 Ndc5 33. Nc8 Nxa6 34. Ne7+ Kg7 35. Nxc6 Nac5 36. Nxa7 Ne4 37. g3 Nc3 38. Ra1 Nd4 39. Kg2 Nf5 40. Ra3 Ne4 41. Nb5 h5 42. Nc3 Nf6 43. h3 g5 44. Ra5 Kg6 45. Nd5 Nxd5 46. Rxd5 f6 47. Ra5 Ng7 48. Kf3 Ne6 49. Ke4 Ng7 50. Ra6 Nf5 51. g4 hxg4 52. hxg4 Nh6 53. f3 Nf7 54. Ra5 Nd8 55. Kd5 Kf7 56. Ra7+ Kg6 57. Kd6 Nf7+ 58. Ke6 Ne5 59. Ra3 Nc4 60. Ra6 Nd2 61. Ra3 Nc4 62. Rc3 Ne5 63. Ke7 Kg7 64. Ra3 Nc6+ 65. Kd6 Ne5 66. Ke6 Kg6 67. Ke7 Nc4 0-1


[Site "https://www.chess.com"]

[Event "Titled Tuesday Blitz January 11 2022"]
[White "Budrewicz, Krzysztof"]
[Black "Azadaliyev, Jahandar"]
[WhiteFideId "1127950"]
[BlackFideId "13425811"]
[WhiteElo "2248"]
[BlackElo "1795"]
[Result "0-1"]
[Round "08"]
[TimeControl "180+1"]
[Date "2022.01.11"]
[WhiteClock "0:00:10"]
[BlackClock "0:00:51"]

1. d4 Nf6 2. c4 e6 3. Nf3 b6 4. g3 Bb7 5. Bg2 d5 6. cxd5 exd5 7. O-O Nbd7 8. Nc3 c6 9. Bf4 Be7 10. Rc1 O-O 11. Qb3 Re8 12. Rfd1 Bf8 13. Ne5 Nxe5 14. dxe5 Nd7 15. e4 Nxe5 16. exd5 c5 17. Bxe5 Rxe5 18. a4 Bd6 19. a5 Bc8 20. axb6 axb6 21. Ra1 Bg4 22. Rdc1 Rb8 23. Ra7 h5 24. h3 Bf5 25. Qb5 h4 26. g4 Qg5 27. Rf1 Qf4 28. Rd1 Bc2 29. Ra4 Bxa4 30. Nxa4 f5 31. gxf5 Rxf5 32. Nc3 Qxf2+ 33. Kh1 Qg3 0-1


[Site "https://www.chess.com"]

[Event "Titled Tuesday Blitz January 11 2022"]
[White "Costachi, Mihnea"]
[Black "Papasimakopoulos, Alexandros"]
[WhiteFideId "1217518"]
[BlackFideId "4244125"]
[WhiteElo "2464"]
[BlackElo "2340"]
[Result "1-0"]
[Round "08"]
[TimeControl "180+1"]
[Date "2022.01.11"]
[WhiteClock "0:00:09"]
[BlackClock "0:00:05"]

1. e4 e6 2. Qe2 c5 3. b3 Nc6 4. Bb2 Nd4 5. Qd1 d5 6. exd5 Qxd5 7. Ne2 Nf6 8. Nbc3 Qf5 9. Nxd4 cxd4 10. Nb5 Qe5+ 11. Qe2 Qc5 12. Bxd4 Qxc2 13. Bc3 Nd5 14. Qc4 Qg6 15. Bd3 Qxg2 16. Be4 Qg5 17. O-O-O a6 18. Bxd5 axb5 19. Bc6+ Bd7 20. Bxd7+ Kxd7 21. Qe4 Qd5 22. Qxd5+ exd5 23. Kb1 Rg8 24. Rhg1 g6 25. Bd4 Bd6 26. h4 Rge8 27. h5 Re4 28. Bb2 Re2 29. Rg5 Ke6 30. Rg4 Re8 31. f4 Kd7 32. Rg5 Bxf4 33. Rxd5+ Kc6 34. Rd3 Be5 35. Ba3 Kb6 36. Rc1 Bf4 37. Bc5+ Ka6 38. b4 b6 39. Bd6 Rxd2 40. Ra3+ Kb7 41. Rc7+ Kb8 42. Bxf4 Rd4 43. Rxf7+ Rxf4 44. Rxf4 Kb7 45. hxg6 Kc6 46. gxh7 Re1+ 47. Kc2 Rh1 48. Rc3+ Kd5 49. Rf7 Rh2+ 50. Kb3 Rh4 51. Rg3 Kd4 52. Rg8 Rh3+ 53. Kc2 Rh2+ 54. Kd1 Rh1+ 55. Ke2 Rxh7 56. Rxh7 1-0


[Site "https://www.chess.com"]

[Event "Titled Tuesday Blitz January 11 2022"]
[White "Csonka, Balazs"]
[Black "Vokhidov, Shamsiddin"]
[WhiteFideId "742910"]
[BlackFideId "14204223"]
[WhiteElo "2404"]
[BlackElo "2611"]
[Result "0-1"]
[Round "08"]
[TimeControl "180+1"]
[Date "2022.01.11"]
[WhiteClock "0:00:01"]
[BlackClock "0:01:05"]

1. e4 c5 2. Nf3 d6 3. Bb5+ Nd7 4. O-O a6 5. Bd3 Ngf6 6. c3 b5 7. a4 c4 8. Be2 Bb7 9. axb5 axb5 10. Rxa8 Qxa8 11. Na3 Bc6 12. Nd4 Bxe4 13. Naxb5 Qb7 14. Re1 e5 15. Bxc4 Be7 16. f3 Bg6 17. Nc2 O-O 18. Bf1 e4 19. Ncd4 d5 20. d3 Bc5 21. Kh1 Ne5 22. dxe4 dxe4 23. Bf4 Re8 24. b4 Bf8 25. Bxe5 Rxe5 26. f4 Re8 27. f5 Bh5 28. Be2 Bxe2 29. Qxe2 Nd5 30. Qc2 e3 31. Kg1 Nf4 32. Rf1 e2 0-1


[Site "https://www.chess.com"]

[Event "Titled Tuesday Blitz January 11 2022"]
[White "Cunjalo, Faris"]
[Black "Kobalia, Mikhail"]
[WhiteFideId "14410710"]
[BlackFideId "4119150"]
[WhiteElo "2263"]
[BlackElo "2667"]
[Result "0-1"]
[Round "08"]
[TimeControl "180+1"]
[Date "2022.01.11"]
[WhiteClock "0:00:04"]
[BlackClock "0:00:02"]

1. d4 d5 2. c4 c6 3. Nf3 Nf6 4. Nc3 e6 5. e3 Nbd7 6. Be2 Bd6 7. O-O O-O 8. b3 b6 9. Bb2 Bb7 10. Rc1 Rc8 11. Re1 Re8 12. Bd3 c5 13. cxd5 exd5 14. Rc2 a6 15. dxc5 bxc5 16. Bf5 Qe7 17. Rd2 Rcd8 18. h3 Ne5 19. Nh2 Bb8 20. Na4 Qc7 21. Nf1 Qc6 22. Rc2 d4 23. e4 c4 24. f4 d3 25. Rc1 Ng6 26. Rxc4 Qb5 27. Bxg6 hxg6 28. e5 Nh5 29. Qd2 Ba7+ 30. Kh2 Bd5 31. Rc7 Bb8 32. Rc5 Qb7 33. Ne3 Be6 34. Nc4 Rd5 35. Rxd5 Qxd5 36. Nc3 Qd7 37. Ne4 Qd5 38. Ng5 Bf5 39. Ne3 Qd7 40. Nxf5 gxf5 41. Rd1 Rd8 42. Nf3 f6 43. Qe3 Qd5 44. exf6 Bxf4+ 45. Qxf4 Nxf4 46. fxg7 Qe4 47. Rd2 Ne2 48. Be5 Re8 49. Bg3 f4 50. Bf2 Rd8 51. Kh1 Rc8 52. Ng1 Rc1 53. Kh2 Nxg1 54. Bxg1 Qe1 0-1


[Site "https://www.chess.com"]

[Event "Titled Tuesday Blitz January 11 2022"]
[White "Daneshvar, Bardiya"]
[Black "Fridman, Daniel"]
[WhiteFideId "12576468"]
[BlackFideId "11600454"]
[WhiteElo "2295"]
[BlackElo "2514"]
[Result "1-0"]
[Round "08"]
[TimeControl "180+1"]
[Date "2022.01.11"]
[WhiteClock "0:00:51"]
[BlackClock "0:00:01"]

1. d4 d5 2. c4 e6 3. Nc3 c5 4. cxd5 cxd4 5. Qa4+ Bd7 6. Qxd4 exd5 7. Qxd5 Nc6 8. Nf3 Nf6 9. Qd1 Bc5 10. e3 O-O 11. Be2 Qe7 12. O-O Rad8 13. a3 Rfe8 14. Qc2 Bd6 15. b4 Ne5 16. Bb2 Bg4 17. Nxe5 Qxe5 18. g3 Qh5 19. Rfd1 Bxe2 20. Qxe2 Ng4 21. h4 Re6 22. Rd5 f5 23. Nb5 Be7 24. Rxd8+ Bxd8 25. Qc4 Qf7 26. Rd1 Bb6 27. Nd6 Qd7 28. Rd3 Kf8 29. Bxg7+ Qxg7 30. Qc8+ Ke7 31. Nxf5+ 1-0


[Site "https://www.chess.com"]

[Event "Titled Tuesday Blitz January 11 2022"]
[White "Deac, Bogdan-Daniel"]
[Black "Rasulov, Vugar"]
[WhiteFideId "1226380"]
[BlackFideId "13402390"]
[WhiteElo "2646"]
[BlackElo "2560"]
[Result "0-1"]
[Round "08"]
[TimeControl "180+1"]
[Date "2022.01.11"]
[WhiteClock "0:00:06"]
[BlackClock "0:01:35"]

1. d4 Nf6 2. Nf3 c5 3. d5 d6 4. Nc3 a6 5. a4 g6 6. e4 Bg4 7. Be2 Bxf3 8. Bxf3 Bg7 9. O-O O-O 10. a5 Nbd7 11. Re1 b5 12. axb6 Qxb6 13. Ra2 a5 14. Be3 Rfb8 15. Qa1 Ne8 16. Bg4 Ne5 17. Be2 Nc7 18. Rb1 Nd7 19. Ra3 Na6 20. Rxa5 Nc7 21. b4 Bxc3 22. Rxa8 Bxa1 23. Raxa1 Nf6 24. f3 Ncxd5 25. exd5 Nxd5 26. Bd2 cxb4+ 27. Kh1 Qf2 28. Re1 Nc3 29. Bxc3 bxc3 30. Bd3 e5 31. h3 Kg7 32. Re4 Rb2 33. Rc4 Rxc2 34. Bxc2 Qxc2 35. Kh2 d5 36. Rc7 d4 37. Raa7 Qb3 38. Rab7 Qxb7 39. Rxb7 c2 40. Rc7 d3 0-1


[Site "https://www.chess.com"]

[Event "Titled Tuesday Blitz January 11 2022"]
[White "Dev, Shah"]
[Black "Maximov, Dmitry"]
[WhiteFideId "35019058"]
[BlackFideId "14105659"]
[WhiteElo "2098"]
[BlackElo "2494"]
[Result "0-1"]
[Round "08"]
[TimeControl "180+1"]
[Date "2022.01.11"]
[WhiteClock "0:00:05"]
[BlackClock "0:00:13"]

1. d4 Nf6 2. c4 g6 3. Nc3 Bg7 4. Nf3 O-O 5. g3 d6 6. Bg2 Nbd7 7. O-O e5 8. e4 c6 9. Be3 a5 10. h3 exd4 11. Nxd4 Re8 12. Qc2 Nc5 13. b3 Qe7 14. Rfe1 Nfd7 15. Rad1 Na6 16. f4 Ndc5 17. Qf2 h5 18. Kh2 Nb4 19. Qf3 a4 20. a3 Nbd3 21. b4 Nxe1 22. Rxe1 Nb3 23. Rd1 Be6 24. Bf1 Qf6 25. f5 Bd7 26. Bf2 gxf5 27. exf5 Nxd4 28. Rxd4 Qxf5 29. Rf4 Qc2 30. Rxf7 Qxc3 31. Qxc3 Bxc3 32. Rxd7 Rf8 33. Kg1 Rf7 34. Rxd6 Raf8 35. Rg6+ Bg7 36. Rxg7+ Kxg7 37. Bd4+ Kg8 38. Be2 Rd7 39. Bc5 Re8 40. Bxh5 Re1+ 41. Kf2 Ra1 42. Bg4 Rd2+ 43. Ke3 Rg2 44. b5 Rxg3+ 45. Kf4 Rxg4+ 46. hxg4 cxb5 47. cxb5 Rb1 48. Bb4 Rxb4+ 49. axb4 a3 0-1


[Site "https://www.chess.com"]

[Event "Titled Tuesday Blitz January 11 2022"]
[White "FGHSMN"]
[Black "Filipets, Egor"]
[BlackFideId "13503928"]
[WhiteElo "2749"]
[BlackElo "2211"]
[Result "1-0"]
[Round "08"]
[TimeControl "180+1"]
[Date "2022.01.11"]
[WhiteClock "0:01:51"]
[BlackClock "0:00:08"]

1. b3 a5 2. Bb2 a4 3. b4 d5 4. a3 Nf6 5. Nf3 Bf5 6. e3 e6 7. c4 c6 8. Nc3 dxc4 9. Bxc4 b5 10. Be2 Bd3 11. Ne5 Bxe2 12. Qxe2 Bd6 13. d4 O-O 14. O-O Nd5 15. Ne4 Bxe5 16. dxe5 Nd7 17. Rac1 Qc7 18. Nd6 Qb6 19. Bd4 Qa6 20. f4 f5 21. exf6 N5xf6 22. e4 h6 23. Qa2 Rae8 24. Nxe8 Rxe8 25. Rfe1 Kh8 26. Qc2 Rc8 27. Qc3 Kh7 28. f5 exf5 29. exf5 Nd5 30. Qg3 N7f6 31. Qg6+ Kh8 32. Re6 Qb7 33. Bxf6 Nxf6 34. Rxf6 gxf6 35. Qxh6+ Qh7 36. Qxf6+ Qg7 37. Qxg7+ Kxg7 38. g4 Rd8 39. Rxc6 Rd3 40. g5 Rxa3 41. Rc7+ Kf8 42. f6 Rf3 43. Kg2 Rf5 44. h4 a3 45. Ra7 Rf4 46. Kg3 Rxb4 47. g6 Ra4 48. Rh7 Ke8 49. Rh8+ Kd7 50. f7 a2 51. f8=Q a1=Q 52. Qc8+ Kd6 53. Rd8+ Ke5 54. Qc5+ Ke4 55. Qd5+ Ke3 56. Qd3# 1-0


[Site "https://www.chess.com"]

[Event "Titled Tuesday Blitz January 11 2022"]
[White "Girya, Olga"]
[Black "Shapkin, Anatoliy"]
[WhiteFideId "4195752"]
[BlackFideId "34108332"]
[WhiteElo "2275"]
[BlackElo "2223"]
[Result "1-0"]
[Round "08"]
[TimeControl "180+1"]
[Date "2022.01.11"]
[WhiteClock "0:00:16"]
[BlackClock "0:00:06"]

1. d4 Nf6 2. c4 g6 3. Nc3 d5 4. cxd5 Nxd5 5. e4 Nxc3 6. bxc3 Bg7 7. Nf3 c5 8. Bb5+ Nc6 9. O-O cxd4 10. cxd4 O-O 11. Be3 Bg4 12. Bxc6 bxc6 13. Rc1 Rc8 14. Rc5 f5 15. Qb3+ Kh8 16. Ng5 f4 17. Bc1 Qxd4 18. Ba3 h6 19. Ne6 Bxe6 20. Qxe6 Qf6 21. Qd7 Rfd8 22. Qxa7 f3 23. Rc2 fxg2 24. Kxg2 Qg5+ 25. Kh1 Bf6 26. Bb2 Rd3 27. f4 Qg4 28. Qxe7 Bxb2 29. Rxb2 Rcd8 30. Qf6+ Kg8 31. Rg2 R3d6 32. Qxd8+ Rxd8 33. Rxg4 Kf7 34. Rc1 Rd4 35. Rxc6 Rxe4 36. Rcxg6 h5 37. R4g5 Rxf4 38. Ra6 Rf2 39. Kg1 Rb2 40. Rxh5 Kg7 41. Rc5 1-0


[Site "https://www.chess.com"]

[Event "Titled Tuesday Blitz January 11 2022"]
[White "Goncalves, Ivan Mesquita V"]
[Black "Pakleza, Zbigniew"]
[WhiteFideId "2114224"]
[BlackFideId "1119290"]
[WhiteElo "2299"]
[BlackElo "2467"]
[Result "1-0"]
[Round "08"]
[TimeControl "180+1"]
[Date "2022.01.11"]
[WhiteClock "0:00:08"]
[BlackClock "0:00:04"]

1. d4 d6 2. Nf3 Bg4 3. e4 Nf6 4. Nc3 e6 5. h3 Bh5 6. g4 Bg6 7. Qe2 c6 8. Rg1 d5 9. exd5 Nxd5 10. Ne5 Nd7 11. Nxg6 hxg6 12. Bd2 Qb6 13. O-O-O O-O-O 14. Bg2 Bd6 15. Qf3 f5 16. Bg5 Rde8 17. Rge1 N7f6 18. Nxd5 cxd5 19. Qd3 Ne4 20. Be3 Kb8 21. f3 Nf6 22. Kb1 Qc7 23. Bd2 Bf4 24. Bc3 Re7 25. Re2 Rhe8 26. Rde1 Bg3 27. Rd1 Bd6 28. Rde1 a6 29. Qd2 Bg3 30. Rd1 Bf4 31. Qd3 Nd7 32. Bb4 Bd6 33. Bd2 Nb6 34. b3 Rc8 35. Ba5 Qc6 36. Rde1 Bg3 37. Rd1 Bc7 38. Bd2 Bd6 39. Bg5 Ree8 40. Bc1 a5 41. a4 Rc7 42. Bd2 Bb4 43. Bf4 Bd6 44. Bd2 Bb4 45. Bc1 Rec8 46. h4 Be7 47. h5 fxg4 48. fxg4 gxh5 49. gxh5 Bf6 50. Bf4 Ka7 51. Bxc7 Rxc7 52. Rde1 Nxa4 53. bxa4 Qxa4 54. c3 Rc6 55. Rb2 Rb6 56. Rxb6 Kxb6 57. Re2 Qd7 58. Rb2+ Ka7 59. Qb5 Qc7 60. Ka2 b6 61. Bf1 Be7 62. Qa6+ Kb8 63. Rxb6+ 1-0


[Site "https://www.chess.com"]

[Event "Titled Tuesday Blitz January 11 2022"]
[White "Guseinov, Gadir"]
[Black "Svane, Frederik"]
[WhiteFideId "13401378"]
[BlackFideId "12923044"]
[WhiteElo "2581"]
[BlackElo "2459"]
[Result "1-0"]
[Round "08"]
[TimeControl "180+1"]
[Date "2022.01.11"]
[WhiteClock "0:01:09"]
[BlackClock "0:00:11"]

1. e4 c5 2. Nc3 Nc6 3. Bb5 Nd4 4. Nf3 a6 5. Bd3 g6 6. O-O Bg7 7. Re1 d6 8. Nxd4 cxd4 9. Ne2 e5 10. c3 dxc3 11. dxc3 Be6 12. c4 Nf6 13. b3 O-O 14. Nc3 Nd7 15. a4 Qc7 16. Ba3 Nc5 17. Bc2 Rad8 18. Rc1 a5 19. Nb5 Qc6 20. Qd2 f5 21. exf5 gxf5 22. Qxa5 Kh8 23. Qc7 Qxc7 24. Nxc7 Bd7 25. Rcd1 Bc6 26. b4 Bxa4 27. Bxa4 Nxa4 28. Ne6 Nc3 29. Rc1 Ne4 30. f3 Nf6 31. Nxf8 Bxf8 32. Red1 Rc8 33. c5 dxc5 34. bxc5 b6 35. cxb6 Rxc1 36. Bxc1 Bc5+ 37. Kf1 Bxb6 38. Rd6 1-0


[Site "https://www.chess.com"]

[Event "Titled Tuesday Blitz January 11 2022"]
[White "Hakobyan, Aram"]
[Black "Sjugirov, Sanan"]
[WhiteFideId "13306677"]
[BlackFideId "4189302"]
[WhiteElo "2557"]
[BlackElo "2602"]
[Result "1-0"]
[Round "08"]
[TimeControl "180+1"]
[Date "2022.01.11"]
[WhiteClock "0:00:11"]
[BlackClock "0:00:01"]

1. b3 d5 2. Bb2 Nf6 3. Nf3 Bf5 4. Nh4 Bd7 5. g3 c5 6. Bg2 e6 7. c4 Nc6 8. O-O d4 9. e3 Be7 10. exd4 cxd4 11. d3 O-O 12. a3 a5 13. Nd2 Re8 14. f4 Bf8 15. Qe2 Rb8 16. Ne4 b5 17. c5 Nxe4 18. Bxe4 f5 19. Bg2 Rc8 20. Rac1 b4 21. a4 g6 22. Rc4 Bg7 23. Nf3 e5 24. fxe5 Nxe5 25. Nxe5 Rxe5 26. Qc2 Be6 27. Bxd4 Re2 28. Qxe2 Bxd4+ 29. Kh1 Bxc4 30. dxc4 Bxc5 31. Qe6+ Kg7 32. Bd5 Qf8 33. Qd7+ Kh8 34. Re1 Rd8 35. Qc7 Bd6 36. Qb6 Qf6 37. Qxa5 f4 38. Re6 Qg5 39. h4 Qxg3 40. Qxd8+ Kg7 41. Qf6+ 1-0


[Site "https://www.chess.com"]

[Event "Titled Tuesday Blitz January 11 2022"]
[White "Hess, Robert"]
[Black "Tregubov, Pavel V."]
[WhiteFideId "2022036"]
[BlackFideId "4115341"]
[WhiteElo "2557"]
[BlackElo "2341"]
[Result "1-0"]
[Round "08"]
[TimeControl "180+1"]
[Date "2022.01.11"]
[WhiteClock "0:00:09"]
[BlackClock "0:00:31"]

1. b3 d5 2. Bb2 Nf6 3. e3 g6 4. Nf3 Bg7 5. Be2 O-O 6. O-O c5 7. c4 d4 8. exd4 Nh5 9. Ne5 cxd4 10. Bxh5 Bxe5 11. Bf3 Nc6 12. Re1 Bg7 13. d3 Bf5 14. Na3 e5 15. Qd2 Re8 16. b4 a5 17. b5 Nb4 18. Bxb7 Nxd3 19. g4 Nxe1 20. gxf5 Ra7 21. Bc6 e4 22. Rxe1 e3 23. fxe3 Qg5+ 24. Qg2 Qh4 25. Qg3 Qxg3+ 26. hxg3 Ree7 27. b6 Ra6 28. c5 Kf8 29. Nc4 Rc7 30. Bb5 Raa7 31. exd4 Re7 32. Rxe7 Rxe7 33. c6 Re2 34. c7 1-0


[Site "https://www.chess.com"]

[Event "Titled Tuesday Blitz January 11 2022"]
[White "Ibrahimli, Murad"]
[Black "Korchmar, Vasiliy"]
[WhiteFideId "13410229"]
[BlackFideId "24131750"]
[WhiteElo "2109"]
[BlackElo "2370"]
[Result "1-0"]
[Round "08"]
[TimeControl "180+1"]
[Date "2022.01.11"]
[WhiteClock "0:00:19"]
[BlackClock "0:00:02"]

1. c4 Nf6 2. Nc3 g6 3. d4 c5 4. d5 Bg7 5. e4 d6 6. Nf3 O-O 7. h3 e6 8. Bd3 exd5 9. exd5 Re8+ 10. Be3 Nbd7 11. O-O Rxe3 12. fxe3 Qe7 13. Qd2 b6 14. Rf2 Ba6 15. Raf1 Nh5 16. Ne2 f5 17. Nf4 Ng3 18. Rc1 Nf6 19. Qe1 Nfe4 20. Bxe4 Nxe4 21. Re2 Bf6 22. Ne6 Bc8 23. Nf4 Bd7 24. g3 Kh8 25. h4 Rg8 26. Rg2 h6 27. Rcc2 Be8 28. Nd2 Bf7 29. Nxe4 Qxe4 30. Qd2 Kg7 31. Qd3 Qe5 32. Rcf2 Re8 33. Rf3 a6 34. h5 g5 35. Ne6+ Rxe6 36. dxe6 Bxe6 37. Rgf2 d5 38. cxd5 Bxd5 39. Qxf5 Bxf3 40. Qxf3 Qe7 41. b3 b5 42. Qc6 Be5 43. Qg6+ Kh8 44. Rf7 1-0


[Site "https://www.chess.com"]

[Event "Titled Tuesday Blitz January 11 2022"]
[White "Jaracz, Pawel"]
[Black "Araujo Sanchez, Josue"]
[WhiteFideId "1102222"]
[BlackFideId "6416896"]
[WhiteElo "2429"]
[BlackElo "2357"]
[Result "0-1"]
[Round "08"]
[TimeControl "180+1"]
[Date "2022.01.11"]
[WhiteClock "0:00:18"]
[BlackClock "0:00:18"]

1. d4 Nf6 2. c4 e6 3. Nf3 d5 4. g3 dxc4 5. Qa4+ Nbd7 6. Bg2 a6 7. Qxc4 b5 8. Qc6 Rb8 9. O-O Bb7 10. Qc2 c5 11. dxc5 Bxc5 12. Bg5 Rc8 13. Qb3 Bd5 14. Qd1 Qb6 15. Nc3 Bb7 16. a4 O-O 17. axb5 axb5 18. Qb3 Bc6 19. Bxf6 Nxf6 20. e3 Qb7 21. Nh4 Bxg2 22. Nxg2 b4 23. Na4 Be7 24. Nf4 Rfd8 25. Rfd1 Qf3 26. Nb6 Rb8 27. Nc4 Ne4 28. Qc2 Bf6 29. Rxd8+ Rxd8 30. Rf1 b3 31. Qxb3 e5 32. Ng2 Ng5 33. h4 Nh3+ 34. Kh2 Nxf2 35. Rg1 Ne4 36. Ne1 Qf2+ 0-1


[Site "https://www.chess.com"]

[Event "Titled Tuesday Blitz January 11 2022"]
[White "Jones, Gawain C B"]
[Black "Martinez Ramirez, Lennis"]
[WhiteFideId "409561"]
[BlackFideId "3509079"]
[WhiteElo "2657"]
[BlackElo "2374"]
[Result "1-0"]
[Round "08"]
[TimeControl "180+1"]
[Date "2022.01.11"]
[WhiteClock "0:00:33"]
[BlackClock "0:00:18"]

1. d4 e6 2. g3 c5 3. Nf3 Nc6 4. c4 cxd4 5. Nxd4 Bb4+ 6. Nc3 Qa5 7. Nb5 a6 8. Nd6+ Ke7 9. Nxc8+ Rxc8 10. Bg2 Ne5 11. O-O Rxc4 12. Bf4 b6 13. Nd5+ exd5 14. Bxe5 Nf6 15. a3 Bd6 16. b4 Qb5 17. Bxf6+ Kxf6 18. Bxd5 Rh4 19. gxh4 Re8 20. e4 Bf4 21. Qf3 Ke5 22. Qc3+ Kd6 23. Rfd1 Ke7 24. Ra2 g5 25. a4 Qxb4 26. Qxb4+ Bd6 27. Qxd6+ Kxd6 28. Bxf7+ Ke5 29. Bxe8 d5 30. Rxd5+ Kf4 31. Bc6 gxh4 32. Rf5+ Kg4 33. h3+ Kxh3 34. Rg5 h6 35. Bd7# 1-0


[Site "https://www.chess.com"]

[Event "Titled Tuesday Blitz January 11 2022"]
[White "Kalashian, David"]
[Black "Corrales Jimenez, Fidel"]
[WhiteFideId "13302418"]
[BlackFideId "3506690"]
[WhiteElo "2490"]
[BlackElo "2541"]
[Result "1-0"]
[Round "08"]
[TimeControl "180+1"]
[Date "2022.01.11"]
[WhiteClock "0:00:18"]
[BlackClock "0:00:09"]

1. d4 Nf6 2. c4 g6 3. Nc3 d5 4. Bf4 Bg7 5. e3 O-O 6. Rc1 c5 7. dxc5 Na6 8. Nf3 Nxc5 9. Be2 dxc4 10. Bxc4 Qb6 11. O-O Qxb2 12. Nb5 Bg4 13. Rb1 Qxb1 14. Qxb1 a6 15. Nbd4 b5 16. Be2 Nfe4 17. Nc6 Bf6 18. h3 Bf5 19. Qe1 Rac8 20. Ncd4 Bd7 21. Ne5 Be8 22. Qa5 g5 23. Bh2 Bg7 24. Qb6 Nc3 25. Bf3 N3a4 26. Qa7 e6 27. Nec6 Bxc6 28. Nxc6 Kh8 29. Bd6 Ra8 30. Bxf8 Rxa7 31. Bxg7+ Kxg7 32. Nxa7 Nc3 33. a3 e5 34. Rc1 N5a4 35. Kf1 e4 36. Be2 Kf6 37. Nc6 Ke6 38. Nb8 a5 39. Nc6 b4 40. axb4 axb4 41. Nxb4 f5 42. Bd1 Nxd1 43. Rxd1 Nc3 44. Ra1 f4 45. Nc2 h5 46. Ra5 Kf6 47. Nd4 fxe3 48. fxe3 h4 49. Rc5 Na4 50. Rc6+ Ke5 51. Ke2 Kd5 52. Kd2 Nc5 53. Rxc5+ Kxc5 54. Ne6+ Kd5 55. Nxg5 Ke5 56. Ke2 Kf5 57. Nf3 exf3+ 58. gxf3 Ke5 59. Kd3 Kd5 60. e4+ Ke5 61. Ke3 1-0


[Site "https://www.chess.com"]

[Event "Titled Tuesday Blitz January 11 2022"]
[White "Kamsky, Gata"]
[Black "Andreikin, Dmitry"]
[WhiteFideId "2000024"]
[BlackFideId "4158814"]
[WhiteElo "2645"]
[BlackElo "2736"]
[Result "0-1"]
[Round "08"]
[TimeControl "180+1"]
[Date "2022.01.11"]
[WhiteClock "0:00:01"]
[BlackClock "0:00:18"]

1. d4 d5 2. Bf4 Nf6 3. e3 c5 4. c3 Nc6 5. Nd2 g6 6. Ngf3 Bg7 7. dxc5 O-O 8. Bb5 Nh5 9. Bg5 h6 10. Bh4 g5 11. Bxc6 bxc6 12. Nd4 e5 13. Nxc6 Qd7 14. Na5 Qb5 15. Nab3 Nf4 16. exf4 exf4 17. Nf3 Re8+ 18. Kd2 Bf5 19. Qf1 Qb7 20. Kc1 Rab8 21. Qd1 d4 22. cxd4 Qb5 23. Qd2 Re2 24. Qc3 gxh4 25. Nfd2 Rbe8 0-1


[Site "https://www.chess.com"]

[Event "Titled Tuesday Blitz January 11 2022"]
[White "Kevlishvili, Robby"]
[Black "Nesterov, Arseniy"]
[WhiteFideId "1040634"]
[BlackFideId "24198455"]
[WhiteElo "2584"]
[BlackElo "2489"]
[Result "1-0"]
[Round "08"]
[TimeControl "180+1"]
[Date "2022.01.11"]
[WhiteClock "0:00:56"]
[BlackClock "0:00:03"]

1. e4 e5 2. Nf3 Nc6 3. Bb5 a6 4. Ba4 b5 5. Bb3 Na5 6. O-O d6 7. d4 exd4 8. Nxd4 Bb7 9. c3 Nxb3 10. axb3 c5 11. Nf5 g6 12. Ng3 h5 13. h3 h4 14. Ne2 Nf6 15. Re1 Be7 16. Bg5 Nxe4 17. Bxe7 Qxe7 18. f3 Ng5 19. Nf4 Ne6 20. Rxe6 fxe6 21. Nxg6 Qf6 22. Nxh8 O-O-O 23. Nd2 Rxh8 24. Ne4 Bxe4 25. fxe4 Qf4 26. Rxa6 Kc7 27. Ra7+ Kb8 28. Rd7 Kc8 29. Rxd6 Qxe4 30. Qa1 Rg8 31. Qa6+ Kc7 32. Qb6+ Kc8 33. Rc6+ Kd7 34. Qb7+ 1-0


[Site "https://www.chess.com"]

[Event "Titled Tuesday Blitz January 11 2022"]
[White "Kosteniuk, Alexandra"]
[Black "Jobava, Baadur"]
[WhiteFideId "4128125"]
[BlackFideId "13601520"]
[WhiteElo "2469"]
[BlackElo "2617"]
[Result "0-1"]
[Round "08"]
[TimeControl "180+1"]
[Date "2022.01.11"]
[WhiteClock "0:00:01"]
[BlackClock "0:01:13"]

1. e4 e6 2. d4 d5 3. Nc3 dxe4 4. Nxe4 Bd7 5. Nf3 Bc6 6. Bd3 Nd7 7. O-O Ngf6 8. Ng3 g6 9. a4 Bg7 10. b4 O-O 11. b5 Bxf3 12. Qxf3 c5 13. bxc6 bxc6 14. Qxc6 Rc8 15. Qd6 Nd5 16. Ne2 N7b6 17. Ba3 Nc4 18. Bxc4 Rxc4 19. Qa6 Qc8 20. Qxa7 Rd8 21. Bc5 Rxc2 22. Rfe1 Qc6 23. Qa5 Rb8 24. Rab1 Rxb1 25. Rxb1 h5 26. Qe1 Qxa4 27. Qd1 Qc4 28. Rc1 Rxc1 29. Nxc1 e5 30. Ne2 exd4 31. Bd6 d3 32. Ng3 Nc3 33. Qe1 Ne2+ 34. Nxe2 dxe2 35. Bb4 Qd3 36. g3 Qe4 37. Bd2 Bd4 38. Qc1 Kh7 39. Be1 Qd3 40. Qf4 Qd1 41. Qxf7+ Bg7 0-1


[Site "https://www.chess.com"]

[Event "Titled Tuesday Blitz January 11 2022"]
[White "Kravtsiv, Martyn"]
[Black "Sanal, Vahap"]
[WhiteFideId "14113147"]
[BlackFideId "6300545"]
[WhiteElo "2694"]
[BlackElo "2603"]
[Result "1-0"]
[Round "08"]
[TimeControl "180+1"]
[Date "2022.01.11"]
[WhiteClock "0:01:25"]
[BlackClock "0:01:20"]

1. e4 e5 2. Nf3 Nc6 3. Nc3 Nf6 4. a4 d5 5. exd5 Nxd5 6. Bb5 Nxc3 7. bxc3 Bd6 8. O-O O-O 9. d4 exd4 10. cxd4 h6 11. c3 Qf6 12. a5 Ne7 13. Bd3 Bf5 14. c4 Rad8 15. Bb2 Bxd3 16. Qxd3 Ng6 17. g3 c5 18. a6 b6 19. Rad1 Bb8 20. Rfe1 cxd4 21. Bxd4 Qc6 22. Qc3 f6 23. Rd3 Rfe8 24. Rxe8+ Rxe8 25. Re3 Rc8 26. Qd3 Nf8 27. Qf5 Qxc4 28. Re7 Rd8 29. Rxg7+ 1-0


[Site "https://www.chess.com"]

[Event "Titled Tuesday Blitz January 11 2022"]
[White "Leitao, Rafael"]
[Black "Al-Tarboush, Ward"]
[WhiteFideId "2101246"]
[BlackFideId "7601450"]
[WhiteElo "2609"]
[BlackElo "2276"]
[Result "1-0"]
[Round "08"]
[TimeControl "180+1"]
[Date "2022.01.11"]
[WhiteClock "0:00:40"]
[BlackClock "0:00:55"]

1. c4 b6 2. Nc3 Bb7 3. e4 c5 4. Nf3 Nc6 5. d4 cxd4 6. Nxd4 Nf6 7. Be2 e6 8. Ndb5 Bc5 9. Nd6+ Bxd6 10. Qxd6 Qe7 11. Bf4 O-O 12. Qxe7 Nxe7 13. Bd6 Rfe8 14. f3 Nc8 15. Bg3 d5 16. exd5 exd5 17. Kf2 Ne7 18. Nb5 Red8 19. Rhd1 Nf5 20. Be5 a6 21. Nc7 Rac8 22. cxd5 Nxd5 23. Nxd5 Rxd5 24. Rxd5 Bxd5 25. g4 f6 26. Bc3 Nh4 27. Kg3 Re8 28. Re1 Ng6 29. Bc4 Rd8 30. Rd1 Ne7 31. Bb4 b5 32. Bxe7 1-0


[Site "https://www.chess.com"]